 Dungeon Crawl Stone Soup version 0.32-a0-391-gce5c0aab1b (webtiles) character file.

Game seed: 7294253529514903445

620 zenocrate the Ruffian (level 7, 52/52 HPs)
             Began as a Demonspawn Delver on Feb 20, 2024.
             Was an Initiate of Dithmenos.
             Quit the game on level 5 of the Dungeon.
             The game lasted 00:03:52 (3576 turns).

zenocrate the Ruffian (Demonspawn Delver)           Turns: 3576, Time: 00:03:53

Health: 52/52      AC:  7    Str: 15    XL:     7   Next: 22%
Magic:  7/7        EV: 27    Int: 10    God:    Dithmenos [......]
Gold:   293        SH:  0    Dex: 14    Spells: 6/6 levels left

rFire   . .          .
                       - Unarmed
rCold   . . .        (no shield)
rNeg    + . .        a - +0 leather armour
rPois   .            (helmet restricted)
rElec   .            (no cloak)
rCorr   .            (no gloves)
SInv    .            (no boots)
Will    .....        n - amulet of the acrobat
Stlth   ++           k - ring of positive energy
HPRegen 0.28/turn    q - +4 ring of protection
MPRegen 0.10/turn

%: acrobat
@: acrobatic
A: antennae 1, powered by death 2, weakness stinger 1, demonic touch 1
a: Renounce Religion


You were on level 5 of the Dungeon.
You worshipped Dithmenos.
Dithmenos was noncommittal.
You visited 1 branch of the dungeon, and saw 5 of its levels.

You collected 293 gold pieces.

Inventory:

Missiles
 l - 2 curare-tipped darts (quivered)
 y - 4 javelins
Armour
 a - a +0 leather armour (worn)
Jewellery
 j - a ring of ice
 k - a ring of positive energy (left hand)
 n - an amulet of the acrobat (around neck)
 q - a +4 ring of protection (right hand)
 t - an amulet of reflection
 v - a ring of protection from cold
Talismans
 u - a flux talisman
Wands
 f - a wand of digging (3)
 w - a wand of charming (17)
 x - a wand of polymorph (8)
Scrolls
 b - a scroll of fog
 c - 2 scrolls of revelation
 d - a scroll of fear
 i - 2 scrolls of butterflies
 m - a scroll of poison {unknown}
 o - a scroll of enchant armour {unknown}
 p - 2 scrolls of amnesia
 r - a scroll of vulnerability {unknown}
 s - a scroll of noise {unknown}
Potions
 e - 4 potions of haste
 g - 4 potions of curing
 h - 2 potions of heal wounds


   Skills:
 - Level 3.0 Fighting
 - Level 1.8 Dodging
 - Level 4.5 Stealth
 + Level 5.6 Unarmed Combat
 + Level 4.0 Shapeshifting


You had 6 spell levels left.
You didn't know any spells.
Your spell library contained the following spells:

 Spells                   Type           Power      Damage    Failure   Level
 Freeze                   Ice            0%         1d3       43%         1
 Frozen Ramparts          Ice            0%         1d1       80%         3
 Hailstorm                Conj/Ice       0%         3d5       80%         3


Dungeon Overview and Level Annotations

Branches:
Dungeon (5/15)
 Temple: D:4-7

Altars:
Dithmenos
Ru
Wu Jian
Yredelemnul

Shops:
D:3 !

Annotations:
D:3 2 runed translucent doors, hipposaver's ghost, amateur DjCj


Innate Abilities, Weirdness & Mutations

You have a pair of small antennae on your head.
You regenerate health from kills.
You have a small tail.
Your touch may inflict minor irresistible damage on your foes.


Message History

* * * LOW HITPOINT WARNING * * *
You hit the orc wizard but do no damage.
You touch the orc wizard.
You kill the orc wizard!
Dithmenos accepts your kill.
The orc priest hits you but does no damage.
The orc closely misses you.
Unknown command.
You punch the orc priest!
You tail-slap the orc priest, but do no damage.
You touch the orc priest!
You kill the orc priest!
Dithmenos accepts your kill. The orc hits you with a +0 short sword.
Your Shapeshifting skill increases to level 4!
You punch the orc!
You kill the orc!
Dithmenos accepts your kill.
Items here: )) [ †.
You are too injured to fight recklessly!
Key pressed, stopping explore.
No target in view!
You open the door.
There is an open door here.
There is a stone staircase leading up here.
Key pressed, stopping explore.
No target in view!
There is a stone staircase leading down here.
Key pressed, stopping explore.
No target in view!
Found an escape hatch in the ceiling.
Done exploring.
No target in view!
Done exploring.
No target in view!
Done exploring.
No target in view!
Done exploring.
Okay, then.
Are you sure you want to abandon this character and quit the game? (Confirm with "yes".)

......#
#............#
......#
#............#
......#
###..........#
......#
########..........#
......#
#.................#
....[.#
#.................#
......#
#.........#########
......# #.........#
......# #......@..#
####### #.........#
#.........#
#.<.......#
#.........#
#.........#
#.........#
###########


There were no monsters in sight!

Vanquished Creatures
  A phantom (D:5)
  A scorpion (D:4)
  A jelly (D:5)
  2 orc priests
  2 hounds (D:3)
  An iguana (D:5)
  4 orc wizards
  A gnoll (D:3)
  4 adders (D:4)
  2 ufetubi (D:5)
  10 orcs
  3 endoplasms (D:1)
  3 giant cockroaches
  9 goblins
  3 hobgoblins
  6 quokkas
  8 ball pythons
  4 bats
  2 frilled lizards
  4 kobolds
  4 rats
75 creatures vanquished.

Vanquished Creatures (others)
  An orc wizard (D:4)
1 creature vanquished.

Grand Total: 76 creatures vanquished

Notes
Turn   | Place    | Note
-------+----------+-------------------------------------------
     0 | D:5      | zenocrate the Demonspawn Delver began the quest for the
                  | Orb.
     0 | D:5      | Reached XP level 1. HP: 18/18 MP: 1/1
    93 | D:3      | Identified the staff of Ybelom {rElec rC- Str+4 Int+3 Dex+2
                  | Air}
   103 | D:2      | Found a faded altar of an unknown god.
   110 | D:2      | Reached skill level 2 in Unarmed Combat
   120 | D:2      | Gained mutation: You regenerate a little health from kills.
                  | [demonic ancestry]
   120 | D:2      | Reached XP level 2. HP: 23/24 MP: 2/2
   379 | D:1      | Reached skill level 3 in Unarmed Combat
   616 | D:1      | Gained mutation: You regenerate health from kills. [demonic
                  | ancestry]
   616 | D:1      | Reached XP level 3. HP: 29/29 MP: 3/3
  1381 | D:2      | Reached skill level 1 in Shapeshifting
  1428 | D:2      | Found an ornate altar of the Wu Jian Council.
  1622 | D:3      | Discovered your monstrous ancestry.
  1622 | D:3      | Gained mutation: You have a pair of small antennae on your
                  | head. [demonic ancestry]
  1622 | D:3      | Reached XP level 4. HP: 35/35 MP: 4/4
  1734 | D:3      | Found Kikionia's Distillery.
  1813 | D:3      | Reached skill level 4 in Unarmed Combat
  1813 | D:3      | Reached XP level 5. HP: 35/41 MP: 5/5
  1933 | D:3      | Found a large runed translucent door.
  1933 | D:3      | Found a large runed translucent door.
  1937 | D:3      | Noticed hipposaver's ghost (amateur DjCj)
  2172 | D:4      | Gained mutation: Your touch may inflict minor irresistible
                  | damage on your foes. [demonic ancestry]
  2172 | D:4      | Reached XP level 6. HP: 44/47 MP: 6/6
  2370 | D:4      | Reached skill level 5 in Unarmed Combat
  2746 | D:4      | Found a shadowy altar of Dithmenos.
  2763 | D:4      | Found a basalt altar of Yredelemnul.
  2784 | D:4      | Became a worshipper of Dithmenos the Shadowed
  3135 | D:5      | Gained mutation: You have a small tail. [demonic ancestry]
  3135 | D:5      | Reached XP level 7. HP: 45/52 MP: 7/7
  3421 | D:5      | Found a sacrificial altar of Ru.
  3576 | D:5      | Quit the game

Illustrated notes

Levels and vault maps discovered:
D:1:      dpeg_arrival_tiny_d, layout_loops_ring, serial_co_window_serial,
          co_window_of_opportunity_a, co_window_paths_a, co_window_corner_a,
          co_window_paths_a, co_window_paths_a, co_window_paths_b,
          co_window_paths_a, co_window_of_opportunity_c, co_window_broadway_a,
          co_window_broadway_b, co_window_unsneaky_path_b, co_window_cross_2,
          co_window_of_opportunity_c, co_window_broadway_b, glass_columns_c,
          glass_columns_a
D:2:      layout_rooms, basic_altar, hellmonk_ecumenical_altar_run_dry
D:3:      layout_basic, ebering_ghost_disaster_area, serial_shops,
          nicolae_shop_statue_plus, cheibrodos_gnoll_hut
D:4:      layout_basic, jmf_multi_god_temple2
D:5:      layout_basic, hangedman_ru_absence, serial_glass, glass_columns_a,
          glass_columns_a

Skill      XL: |  1  2  3  4  5  6  7 |
---------------+----------------------+-----
Unarmed Combat | 2 3 4 5 |  5.6
Shapeshifting  | 1 2 3 4 |  4.0
Fighting       | |  3.0
Dodging        | |  1.8
Stealth        | |  4.5

Action                     |  1- 3 |  4- 6 |  7- 9 || total
---------------------------+-------+-------+-------++-------
  Melee: Unarmed           |   108 |   180 |    29 ||   317
         Punch             |     3 |     7 |     1 ||    11
         Touch             |       |     9 |     4 ||    13
         Tailslap          |       |       |     2 ||     2
    Use: Scroll            |       |     5 |       ||     5
   Stab: Sleeping          |    14 |     2 |     1 ||    17
 Armour: Leather armour    |    48 |    98 |    30 ||   176
  Dodge: Dodged            |    80 |   118 |    23 ||   221

Table legend: (Time is in decaauts)
 A = Elapsed time spent in this place.
 B = Non-inter-level travel time spent in this place.
 C = Inter-level travel time spent in this place.
 D = Time resting spent in this place.
 E = Time spent auto-exploring this place.
 F = Levels seen in this place.
 G = Mean time per level.
                   A        B        C        D        E       F      G
               +--------+--------+--------+--------+--------+-----+--------+
         Total |   3550 |   3456 |     94 |      0 |   2696 |   5 |  710.0 |
       Dungeon |   3550 |   3456 |     94 |      0 |   2696 |   5 |  710.0 |
               +--------+--------+--------+--------+--------+-----+--------+

Top non-repeatable levels by time:
     D:1: 996 daAuts
     D:4: 866 daAuts
     D:5: 762 daAuts
     D:3: 492 daAuts
     D:2: 433 daAuts
